 Dungeon Crawl Stone Soup version 0.31-a0-239-g0a1456f148 (webtiles) character file.

Game seed: 7957603509696589488

584 qw the Shooter (level 7, 0/59 HPs)
             Began as a Minotaur Hexslinger on July 11, 2023.
             Was an Initiate of Okawaru.
             Slain by a white imp (2 damage)
             ... on level 5 of the Dungeon.
             The game lasted 00:01:37 (3969 turns).

qw the Shooter (Minotaur Hexslinger)                Turns: 3969, Time: 00:01:37

Health: 0/59       AC:  5    Str: 13    XL:     7   Next: 14%
Magic:  7/7        EV: 12    Int: 10    God:    Okawaru [......]
Gold:   94         SH:  0    Dex: 20    Spells: 7/8 levels left

rFire   + . .        Y - +1 sling
rCold   . . .        (no shield)
rNeg    . . .        b - +0 ring mail
rPois   .            (helmet restricted)
rElec   .            (no cloak)
rCorr   .            (no gloves)
SInv    .            (no boots)
Will    .....        (no amulet)
Stlth   +            f - ring of protection from fire
HPRegen 0.29/turn    g - +6 ring of dexterity
MPRegen 0.10/turn

%: no passive effects
@: no status effects
A: horns 2, retaliatory headbutt
a: Renounce Religion


You were on level 5 of the Dungeon.
You worshipped Okawaru.
Okawaru was noncommittal.
You visited 2 branches of the dungeon, and saw 6 of its levels.

You collected 237 gold pieces.
You spent 143 gold pieces at shops.


Innate Abilities, Weirdness & Mutations

You have a pair of horns on your head.
You reflexively headbutt those who attack you in melee.


   Skills:
 - Level 4.0 Fighting
 + Level 7.3 Ranged Weapons
 - Level 1.0 Armour
 - Level 3.3 Dodging
 - Level 1.0 Spellcasting
 - Level 2.0 Hexes


You had 7 spell levels left.
You knew the following spells:

 Your Spells              Type           Power      Damage    Failure   Level
a - Slow                  Hex            16%        N/A       32%         1

Your spell library contained the following spells:

 Spells                   Type           Power      Damage    Failure   Level
 Inner Flame              Hex/Fire       2%         N/A       82%         3
 Portal Projectile        Hex/Tloc       4%         N/A       82%         3
 Cause Fear               Hex            2%         N/A       97%         4

Inventory:

Hand Weapons
 Y - a +1 sling (weapon)
Armour
 a - the +0 robe of Yesterday {Harm rElec Regen+ Archmagi}
   (You found it on level 2 of the Dungeon)

   rElec:     It insulates you from electricity.
   Regen:     It increases your rate of health regeneration.
   Harm:      It increases damage dealt and taken.
   Archmagi:  It increases the power of your magical spells.
 b - a +0 ring mail (worn)
Jewellery
 f - a ring of protection from fire (left hand)
 g - a +6 ring of dexterity (right hand)
Scrolls
 c - a scroll of identify
 h - a scroll of teleportation
Potions
 d - a potion of degeneration {unknown}
 e - 2 potions of curing
 i - a potion of heal wounds
 j - a potion of mutation {unknown}
 k - a potion of cancellation {unknown}
 m - a potion of might {unknown}

Dungeon Overview and Level Annotations

Branches:
Dungeon (5/15)             Temple (1/1) D:4

Altars:
Dithmenos
Elyvilon
Fedhas
Gozag
Kikubaaqudgha
Makhleb
Nemelex Xobeh
Okawaru
Uskayaw
Vehumet
Wu Jian
Xom
Zin
The Shining One

Shops:
D:4 !


Message History

The shadow imp misses you.
You shoot a sling bullet.
The sling bullet closely misses the shadow imp.
The gnoll bouda barks out a call to the hunt!
The gnoll picks up the pace!
The shadow imp hits you but does no damage.
You shoot a sling bullet.
The sling bullet barely misses the shadow imp.
The gnoll bouda barely misses you. You furiously retaliate!
You headbutt the gnoll bouda! The shadow imp hits you.
You shoot a sling bullet.
The sling bullet barely misses the shadow imp.
The gnoll closely misses you. The gnoll bouda closely misses you.
The shadow imp shouts, "Take thy face hence, thou foisting onion-eyed bull-brain!"
The shadow imp hits you. The white imp misses you.
You shoot a sling bullet.
The sling bullet barely misses the shadow imp.
The gnoll hits you from afar with a +0 halberd!
The gnoll bouda misses you.
The shadow imp hits you but does no damage.
The white imp barely misses you. You furiously retaliate!
You headbutt the white imp, but do no damage.
The gnoll hits you from afar with a +0 halberd.
You shoot a sling bullet.
The sling bullet hits the shadow imp but does no damage.
The shadow imp is heavily wounded.
The gnoll bouda closely misses you. You furiously retaliate!
You headbutt the gnoll bouda! The shadow imp barely misses you.
You furiously retaliate!
You headbutt the shadow imp!
You kill the shadow imp!
Okawaru accepts your kill.
The white imp hits you but does no damage.
The gnoll barely misses you.
You shoot a sling bullet.
The sling bullet barely misses the gnoll bouda.
The gnoll bouda hits you with a +0 whip!
The white imp closely misses you.
The gnoll hits you from afar with a +0 halberd!
The gnoll bouda barely misses you. The white imp hits you.
You die...

## #. ##.##
#...##
#....####
##.##.......#
....$..5...?#
#..@#...#
......)#g#
.#....g.#...#
..##...g ...#
#....... ...#
##...## ####
##.. #.# ##


You could see a gnoll bouda, a gnoll (swift) and a white imp.

Vanquished Creatures
  2 phantoms (D:4)
  A scorpion (D:4)
  A howler monkey (D:4)
  3 hounds
  3 iguanas
  An orc wizard (D:3)
  2 gnolls
  4 adders
  A shadow imp (D:5)
  2 worms
  6 dart slugs
  6 orcs
  3 endoplasms
  2 giant cockroaches
  3 goblins
  5 hobgoblins
  3 jackals
  4 kobolds
  A quokka (D:3)
  6 ball pythons
  6 bats
  2 frilled lizards
  5 rats
72 creatures vanquished.

Notes
Turn   | Place    | Note
-------+----------+-------------------------------------------
     0 | D:1      | qw the Minotaur Hexslinger began the quest for the Orb.
     0 | D:1      | Reached XP level 1. HP: 16/16 MP: 1/1
     0 | D:1      | 0 ||| qw: Version: 0.3-a-52-g30416fa
     0 | D:1      | 0 ||| qw: Game counter: 5959
     0 | D:1      | 0 ||| qw: Melee chars always use a shield: true
     0 | D:1      | 0 ||| qw: God list: Okawaru
     0 | D:1      | 0 ||| qw: Allow faded altars: false
     0 | D:1      | 0 ||| qw: Do Orc after clearing Dungeon:15 true
     0 | D:1      | 0 ||| qw: Do second Lair branch before Depths: true
     0 | D:1      | 0 ||| qw: Lair rune preference: random
     0 | D:1      | 0 ||| qw: Goals: Normal
     0 | D:1      | 0 ||| PLANNING D:1-11
   171 | D:1      | 171 ||| FLEEEEING.
   178 | D:1      | 178 ||| FLEEEEING.
   179 | D:1      | 179 ||| FLEEEEING.
   180 | D:1      | 180 ||| FLEEEEING.
   181 | D:1      | 181 ||| FLEEEEING.
   182 | D:1      | 182 ||| FLEEEEING.
   183 | D:1      | 183 ||| FLEEEEING.
   253 | D:1      | 253 ||| FLEEEEING.
   269 | D:1      | Reached skill level 3 in Ranged Weapons
   269 | D:1      | Reached XP level 2. HP: 23/23 MP: 2/2
   635 | D:1      | 635 ||| UPGRADING to amulet of guardian spirit.
   640 | D:1      | 640 ||| UPGRADING to ring of protection from fire.
   641 | D:1      | 641 ||| UPGRADING to +6 ring of dexterity.
   642 | D:1      | 642 ||| DROPPING ring of fire.
   643 | D:1      | 643 ||| READING scroll labelled CATEJ HUMNINOU.
   644 | D:1      | 644 ||| READING 3 scrolls labelled GIUNOA UJAFE.
   648 | D:1      | 648 ||| READING scroll labelled FIASINOTIU.
   649 | D:1      | 649 ||| READING scroll labelled RUKIFU UXEAJ.
   650 | D:1      | 650 ||| DROPPING scroll of poison.
   668 | D:2      | 668 ||| STAIRDANCE
   736 | D:2      | Identified the +0 robe of Yesterday {Harm rElec Regen+
                  | Archmagi}
   762 | D:2      | Reached XP level 3. HP: 29/29 MP: 3/3
  1063 | D:2      | Reached skill level 4 in Ranged Weapons
  1441 | D:2      | 1441 ||| UPGRADING to +0 ring mail.
  1451 | D:2      | 1451 ||| DROPPING +0 robe.
  1452 | D:2      | 1452 ||| READING scroll labelled KOJEQE INNEAME.
  1453 | D:2      | 1453 ||| READING scroll labelled DUDOEHUQEA.
  1454 | D:2      | 1454 ||| READING scroll labelled AMOICUT WETESO.
  1481 | D:3      | Reached XP level 4. HP: 36/36 MP: 4/4
  1499 | D:3      | Reached skill level 1 in Armour
  1515 | D:3      | 1515 ||| Stepping ~*~*~tactically~*~*~ (outnumbered).
  1517 | D:3      | 1517 ||| Stepping ~*~*~tactically~*~*~ (outnumbered).
  1538 | D:3      | HP: 7/36 [orc/+1 short sword of speed (4)]
  1540 | D:3      | 1540 ||| READING 3 scrolls of teleportation.
  1542 | D:3      | HP: 3/36 [something (1)]
  1559 | D:3      | 1559 ||| READING 2 scrolls of teleportation.
  1561 | D:3      | HP: 8/36 [orc wizard/+0 dagger (1)]
  1562 | D:3      | 1562 ||| READING scroll of teleportation.
  1703 | D:3      | Reached skill level 5 in Ranged Weapons
  1706 | D:3      | Reached skill level 3 in Fighting
  1706 | D:3      | Reached XP level 5. HP: 37/45 MP: 5/5
  1709 | D:3      | HP: 7/45 [gnoll/+2 whip of electrocution (9)]
  2365 | D:3      | Found a faded altar of an unknown god.
  2410 | D:3      | 2410 ||| DRINKING 3 bubbling purple potions.
  2411 | D:3      | 2411 ||| DROPPING 2 potions of invisibility.
  2556 | D:4      | Found a glowing golden altar of the Shining One.
  2595 | D:4      | Found a staircase to the Ecumenical Temple.
  2596 | D:4      | 2596 ||| PLANNING TEMPLE
  2601 | D:4      | 2601 ||| READING scroll labelled JYBLIW VETT.
  2711 | Temple   | Entered the Ecumenical Temple
  2711 | Temple   | Found a transporter.
  2711 | Temple   | Found a transporter.
  2713 | Temple   | Found a transporter.
  2713 | Temple   | Found a transporter.
  2723 | Temple   | 2723 ||| PLANNING D:1-11
  2728 | Temple   | 2728 ||| PLANNING OKAWARU WORSHIP
  2735 | Temple   | Became a worshipper of Warmaster Okawaru
  2736 | Temple   | 2736 ||| PLANNING D:1-11
  2736 | Temple   | 2736 ||| REMOVING amulet of guardian spirit.
  2741 | Temple   | 2741 ||| DROPPING amulet of guardian spirit.
  2788 | D:4      | Found Luchuoh's Distillery.
  2795 | D:4      | Noticed a phantom
  2805 | D:4      | 2805 ||| BUYING potion of curing (39 gold).
  2805 | D:4      | Bought a potion of curing for 39 gold pieces
  2805 | D:4      | 2805 ||| BUYING potion of curing (39 gold).
  2805 | D:4      | Bought a potion of curing for 39 gold pieces
  2805 | D:4      | 2805 ||| SHOPLISTING potion of haste (130 gold, have 129).
  2805 | D:4      | 2805 ||| BUYING potion of heal wounds (65 gold).
  2805 | D:4      | Bought a potion of heal wounds for 65 gold pieces
  2808 | D:4      | Killed a phantom
  2809 | D:4      | Reached skill level 6 in Ranged Weapons
  2809 | D:4      | Reached XP level 6. HP: 37/51 MP: 6/6
  3234 | D:4      | HP: 12/52 [phantom (4)]
  3235 | D:4      | Reached skill level 7 in Ranged Weapons
  3439 | D:4      | Reached * piety under Okawaru
  3440 | D:4      | 3440 ||| INVOKING Heroism.
  3441 | D:4      | 3441 ||| INVOKING Heroism.
  3448 | D:4      | Reached skill level 3 in Dodging
  3448 | D:4      | Reached XP level 7. HP: 28/59 MP: 4/7
  3922 | D:4      | 3922 ||| READING scroll labelled CUAMUGG FONGAGOA.
  3923 | D:4      | 3923 ||| DRINKING 2 red potions.
  3924 | D:4      | 3924 ||| DROPPING potion of attraction.
  3954 | D:5      | Entered Level 5 of the Dungeon
  3956 | D:5      | 3956 ||| Stepping ~*~*~tactically~*~*~ (outnumbered).
  3969 | D:5      | HP: 11/59 [gnoll bouda/+0 whip (8)]
  3969 | D:5      | HP: 2/59 [gnoll/+0 halberd[a gnoll bouda] (9)]
  3969 | D:5      | Slain by a white imp

Levels and vault maps discovered:
D:1:      ncdulo_smallfort, layout_basic
D:2:      layout_loops_cross
D:3:      minmay_inner_zag, layout_basic, basic_ecumenical_altar,
          cheibrodos_gnoll_hut
D:4:      layout_loops_corners, kennysheep_little_box,
          minmay_temple_entry_stoned_glass, serial_shops,
          nicolae_shop_waterfront
D:5:      layout_rooms, mainiacjoe_overflow_alcove_3, st_stairs_14
Temple:   hellmonk_temple_divided_pantheon

Skill      XL: |  1  2  3  4  5  6 |
---------------+-------------------+-----
Ranged Weapons | 3 4 5 6 7 |  7.3
Fighting       | 2 3 4 |  4.0
Armour         | 1 |  1.0
Dodging        | 3 |  3.3
Spellcasting   | |  1.0
Hexes          | |  2.0

Action                     |  1- 3 |  4- 6 |  7- 9 || total
---------------------------+-------+-------+-------++-------
   Fire: Sling             |    95 |   190 |    15 ||   300
 Invoke: Heroism           |       |     1 |       ||     1
    Use: Scroll            |     7 |     4 |     1 ||    12
         Potion            |       |     1 |     1 ||     2
 Armour: Robe              |     7 |       |       ||     7
         Ring mail         |       |    38 |     4 ||    42
  Dodge: Dodged            |    19 |    56 |    25 ||   100

Table legend:
 A = Non-vault XP
 B = Vault XP
 C = Vault XP percentage of total XP
 D = Non-vault monster count
 E = Vault monster count
 F = Vault count percentage of total count
                 A         B        C        D         E       F
            +---------+---------+-------+---------+---------+-------
      Total |     677 |     158 |  18.9 |      62 |      10 |  13.9
            +---------+---------+-------+---------+---------+-------
        D:1 |      30 |       0 |   0.0 |      11 |       0 |   0.0
        D:2 |      58 |       0 |   0.0 |      19 |       0 |   0.0
        D:3 |      77 |     110 |  58.8 |      16 |       8 |  33.3
        D:4 |     499 |       0 |   0.0 |      15 |       0 |   0.0
        D:5 |      13 |      48 |  78.7 |       1 |       2 |  66.7
            +---------+---------+-------+---------+---------+-------
